AoeStats
← 13209130730

Highland

504996391Analyzed
4v4 RM · 26d ago on Sep 7, 2026· 37m 26s· 8 players
Game mode
Random Map
Map size
Large (8 player)
Population
200
Speed
Normal
Resources
Standard
Victory
Conquest
Starting age
Dark Age
Ending age
Imperial Age
RankedLock teamsTeams togetherTeam positionsShared explorationLock speedFull tech treeHidden civsTurbo modeCheats
Victory
Defeat
🇬🇧 Britons · United Kingdom
843
+10
🇨🇳 Goths · China
840
+11
🇸🇪 Spanish · Sweden
814
+12
🇷🇺 Mongols · Russia
805
+12
🇨🇱 Koreans · Chile
764
-13
🇨🇳 Chinese · China
714
-11
🇨🇳 Chinese · China
707
-11
🇨🇳 Khmer · China
679
-11
djd1993
11:45 Feudal Age
12:43 Double-Bit Axe
17:01 Castle Age
18:27 Fletching
19:44 Bow Saw
21:14 Ballistics
22:03 Horse Collar
23:53 Bodkin Arrow
29:12 Yeomen
28:58 Padded Archer Armor
32:54 Imperial Age
33:45 Bracer
35:26 Conscription
Etheling
0:36 Loom
13:33 Feudal Age
14:33 Horse Collar
14:42 Double-Bit Axe
14:50 Gold Mining
20:23 Stone Mining
21:20 Wheelbarrow
21:52 Fishing Lines
25:44 Castle Age
25:44 Forging
25:43 Scale Barding Armor
25:29 Fletching
26:47 Bow Saw
26:44 Husbandry
26:53 Heavy Plow
28:05 Gold Shaft Mining
27:47 Gillnets
29:12 Hand Cart
30:38 Masonry
32:51 Stone Shaft Mining
32:30 Fortified Wall
32:41 Ballistics
32:32 Masonry
33:05 Bloodlines
33:11 Padded Archer Armor
34:20 Bodkin Arrow
36:18 Chain Barding Armor
35:29 Demolition Ship
36:13 Murder Holes
36:09 Guard Tower
36:26 Siphons
36:25 Caravan
Tyke Mörbult
5:20 Loom
11:25 Feudal Age
12:44 Wheelbarrow
11:57 Double-Bit Axe
13:47 Horse Collar
15:10 Gold Mining
18:40 Stone Mining
19:29 Town Watch
22:46 Castle Age
22:33 Scale Mail Armor
22:23 Fletching
22:40 Scale Barding Armor
22:37 Padded Archer Armor
23:26 Forging
24:29 Bow Saw
24:23 Heavy Plow
24:21 Bodkin Arrow
24:46 Pikeman
25:27 Squires
27:09 Hand Cart
28:46 Coinage
31:04 Town Patrol
33:06 Caravan
33:16 Murder Holes
33:32 Masonry
35:04 Chain Barding Armor
35:00 Leather Archer Armor
35:37 Stone Shaft Mining
38:05 Ballistics
13209130730
5:05 Loom
10:56 Feudal Age
11:54 Double-Bit Axe
15:45 Horse Collar
20:21 Stone Mining
20:22 Gold Mining
23:03 Castle Age
21:46 Scale Mail Armor
21:57 Forging
22:12 Man-at-Arms
24:24 Heavy Plow
24:35 Bow Saw
25:54 Chain Mail Armor
26:15 Iron Casting
27:45 Anarchy
28:21 Squires
37:15 Wheelbarrow
38:16 Stone Shaft Mining
Tirite
0:28 Loom
11:23 Feudal Age
11:58 Horse Collar
12:04 Double-Bit Axe
15:11 Stone Mining
15:12 Gold Mining
21:32 Castle Age
20:32 Fletching
23:17 Bow Saw
23:09 Heavy Plow
24:10 Caravan
24:53 Gold Shaft Mining
24:26 Bodkin Arrow
28:41 Stone Shaft Mining
31:12 Imperial Age
29:15 Clinker Construction
29:02 Murder Holes
32:21 Wheelbarrow
31:31 Town Watch
33:00 Chemistry
33:16 Two-Man Saw
34:07 Bombard Tower
zar
0:50 Loom
13:51 Feudal Age
19:25 Castle Age
18:18 Horse Collar
18:27 Double-Bit Axe
20:06 Padded Archer Armor
20:01 Fletching
23:53 Bow Saw
23:49 Heavy Plow
35:10 Stone Mining
J B S
20:09 Feudal Age
21:58 Gold Mining
22:04 Stone Mining
22:00 Horse Collar
27:21 Castle Age
25:42 Scale Barding Armor
25:57 Scale Mail Armor
26:00 Padded Archer Armor
26:52 Double-Bit Axe
33:41 Coinage
33:12 Caravan
34:24 Chain Barding Armor
34:20 Leather Archer Armor
34:21 Chain Mail Armor
36:59 Imperial Age
fabianfarias.info
0:29 Loom
16:17 Feudal Age
18:44 Fishing Lines
19:45 Wheelbarrow
24:29 Castle Age
22:47 Double-Bit Axe
22:58 Horse Collar
23:35 Gold Mining
23:39 Stone Mining
27:50 Hand Cart
28:13 Bow Saw
33:12 Imperial Age
Connection lost

Rejoining the realm…

Still unreachable

The connection could not be restored.

Session expired

The server has moved on; the page needs a fresh start.